 Dungeon Crawl Stone Soup version 0.18.1-47-g9310371 (webtiles) character file.

321 Inkary the Skirmisher (level 6, -5/56 HPs)
             Began as a Minotaur Fighter on June 21, 2016.
             Killed from afar by Ijyb (8 damage)
             ... with a wand of acid
             ... on level 3 of the Dungeon.
             The game lasted 00:10:00 (1824 turns).

Inkary the Skirmisher (Minotaur Fighter)            Turns: 1824, Time: 00:10:01

Health: -5/56      AC:  8    Str: 22    XL:     6   Next: 22%
Magic:  5/5        EV:  9    Int:  5    God:
Gold:   106        SH:  0    Dex: 10    Spells: 0 memorised, 5 levels left

rFire  . . .     SeeInvis .     s - +1 spear (venom)
rCold  + . .     Gourm    .     b - +1 scale mail
rNeg   . . .     Faith    .     (no shield)
rPois  .         Spirit   .     (helmet restricted)
rElec  .         Dismiss  .     (no cloak)
rCorr  .         Reflect  .     (no gloves)
SustAt .         Harm     .     (no boots)
MR     .....                    (no amulet)
Stlth  ..........               (no ring)
                                j - ring of protection from cold

@: not resistant to hostile enchantments, extremely unstealthy
A: retaliatory headbutt, horns 2
a: no special abilities


You were on level 3 of the Dungeon.
You were not hungry.

You visited 1 branch of the dungeon, and saw 3 of its levels.

You collected 106 gold pieces.

Inventory:

Hand Weapons
 s - a +1 spear of venom (weapon)
Armour
 b - a +1 scale mail (worn)
 c - a +0 shield
Jewellery
 j - a ring of protection from cold (left hand)
Wands
 k - a wand of slowing (38/48)
Scrolls
 g - a scroll of identify {unknown}
 h - a scroll of remove curse
 m - a scroll of magic mapping
 n - a scroll of immolation {unknown}
Potions
 d - a potion of might
 e - a potion of lignification {unknown}
 i - a potion of curing {unknown}
 p - a potion of haste {unknown}
 q - a potion of mutation {unknown}
 r - a potion of agility {unknown}
Comestibles
 a - 3 chunks of flesh
 f - 2 bread rations
 l - a royal jelly
 o - a meat ration


   Skills:
 + Level 5.6 Fighting
   Level 4.7 Maces & Flails
 + Level 0.8 Polearms
 + Level 5.6 Armour
 + Level 3.9 Shields


You had 5 spell levels left.
You didn't know any spells.

Dungeon Overview and Level Annotations

Branches:
Dungeon (3/15)

Altars:
Elyvilon
Xom

Annotations:
D:3 Ijyb


Innate Abilities, Weirdness & Mutations

You reflexively headbutt those who attack you in melee.
You have a pair of horns on your head.


Message History

A goblin, a hobgoblin and Ijyb come into view.
There are monsters nearby!
Ijyb shouts!
The goblin shouts!
The hobgoblin shouts!
There is a large open door here.
You see here a stone.
Ijyb zaps a wand.
The bolt of acid hits the goblin.
The acid corrodes the goblin!
The goblin dies!
The bolt of acid hits you!
The acid burns!
It is a wand of acid.
The hobgoblin hits you but does no damage.
Ijyb zaps a wand.
The bolt of acid hits the hobgoblin.
The acid corrodes the hobgoblin!
The hobgoblin dies!
The bolt of acid hits you!
* * * LOW HITPOINT WARNING * * *
The acid burns!
* * * LOW HITPOINT WARNING * * *
The goblin shoots a stone.
The stone completely misses you.
Ijyb zaps a wand.
The bolt of acid hits you!
You die...

#.......)....#
#+##...g.##+##
#.....# #....g#
#††...# ..##+
#.....# .....
#.....#
≈..g..#.....# .
≈≈≈≈≈≈#...@.# ≈≈
≈≈≈≈≈##'''##≈≈≈
#≈≈≈≈...≈≈≈≈#
.#########≈≈...≈≈###
.......)..#(...###
.########...####
#.### #.# #.#


You could see Ijyb and a goblin.

Vanquished Creatures
  Sigmund (D:2)
  An orc wizard (D:3)
  Terence (D:2)
  Robin (D:2)
  2 adders (D:2)
  2 worms (D:2)
  A dart slug (D:1)
  2 giant geckos (D:1)
  2 orcs (D:3)
  A giant cockroach (D:1)
  15 goblins
  7 hobgoblins
  3 jackals (D:3)
  A quokka (D:2)
  10 bats
  6 giant newts
  2 kobolds
  17 rats
75 creatures vanquished.

Vanquished Creatures (others)
  A goblin (D:3)
  A hobgoblin (D:3)
2 creatures vanquished.

Grand Total: 77 creatures vanquished

Notes
Turn   | Place    | Note
--------------------------------------------------------------
     0 | D:1      | Inkary the Minotaur Fighter began the quest for the Orb.
     0 | D:1      | Reached XP level 1. HP: 19/19 MP: 0/0
   164 | D:1      | Reached XP level 2. HP: 27/27 MP: 1/1
   459 | D:1      | Reached XP level 3. HP: 33/33 MP: 2/2
   633 | D:2      | Noticed Terence
   634 | D:2      | Found a white marble altar of Elyvilon.
   645 | D:2      | Killed Terence
   700 | D:2      | Reached XP level 4. HP: 41/41 MP: 3/3
   928 | D:2      | Noticed Robin
   965 | D:2      | Killed Robin
   996 | D:2      | Noticed Sigmund
  1273 | D:2      | Killed Sigmund
  1273 | D:2      | Reached skill level 5 in Fighting
  1273 | D:2      | Reached skill level 5 in Armour
  1273 | D:2      | Reached XP level 5. HP: 35/48 MP: 4/4
  1273 | D:2      | Reached XP level 6. HP: 41/56 MP: 5/5
  1438 | D:2      | Found a shimmering altar of Xom.
  1809 | D:3      | Noticed Ijyb
  1821 | D:3      | HP: 2/56 [acid (13)]
  1824 | D:3      | Killed from afar by Ijyb

Skill      XL: |  1  2  3  4 |
---------------+-------------+-----
Armour         | 4 5 |  5.6
Fighting       | 4 5 |  5.6
Maces & Flails | 3 4 |  4.7
Polearms       | |  0.8
Shields        | |  3.9

Action                   |  1- 3 |  4- 6 || total
-------------------------+-------+-------++-------
Melee: Flail             |    99 |    55 ||   154
       Headbutt          |    16 |    15 ||    31
       Scythe            |       |    37 ||    37
       Spear             |       |     9 ||     9
  Use: Scroll            |     6 |       ||     6
  Eat: Chunk             |       |     3 ||     3
Armor: Scale mail        |    42 |    92 ||   134
Dodge: Dodged            |    25 |    61 ||    86
Block: Shield            |    50 |    32 ||    82
